 Dungeon Crawl Stone Soup version 0.24-a0-271-ga0fc33f724 (webtiles) character file.

Game seed: 8874025749964061062

184 Redear the Shield-Bearer (level 5, -19/42 HPs)
             Began as a Formicid Fighter on Apr 24, 2019.
             Demolished by Harold
             ... wielding a +0 glaive
              (24 damage)
             ... on level 7 of the Dungeon.
             The game lasted 00:03:26 (2332 turns).

Redear the Shield-Bearer (Formicid Fighter)         Turns: 2332, Time: 00:03:26

Health: -19/42     AC:  6    Str: 27    XL:     5   Next: 95%
Magic:  5/5        EV: 14    Int:  7    God:
Gold:   240        SH: 10    Dex: 15    Spells: 4/4 levels left

rFire    + . .     SeeInvis +   a - +0 war axe
rCold    + . .     Gourm    .   c - +0 shield
rNeg     . . .     Faith    .   b - +0 scale mail
rPois    +         Spirit   .   (helmet unavailable)
rElec    +         Reflect  .   (no cloak)
rCorr    +         Harm     .   (no gloves)
MR       .....                  (no boots)
Stlth    +.........             (no amulet)
HPRegen  0.14/turn              (no ring)
MPRegen  0.09/turn              (no ring)

@: mighty, agile, resistant, marked, lightly drained
A: permanent stasis, dig shafts and tunnels, four strong arms, antennae 3
a: Dig, Shaft Self


You were on level 7 of the Dungeon.
You were hungry.

You visited 1 branch of the dungeon, and saw 7 of its levels.

You collected 240 gold pieces.

Inventory:

Hand Weapons
 a - a +0 war axe (weapon)
Missiles
 Z - a throwing net (quivered) {+f}
Armour
 b - a +0 scale mail (worn)
 c - a +0 shield (worn)
 m - a +0 pair of boots
Scrolls
 e - 7 scrolls of identify {unknown}
 f - 2 scrolls of random uselessness {unknown}
 i - 2 scrolls of noise {unknown}
 j - a scroll of enchant armour {unknown}
Potions
 g - a potion of agility {Stlth+ Dex+5 EV+5 | @q4}
 h - a potion of lignification {unknown}
 l - a potion of heal wounds {unknown}
 n - a potion of flight {unknown}
 o - a potion of cancellation {unknown}
Comestibles
 z - 5 rations


   Skills:
 + Level 4.2(3.6) Fighting
 + Level 3.1(2.6) Axes
 + Level 4.1(3.6) Armour
 + Level 1.8(1.3) Dodging
 + Level 4.6(4.1) Shields


You had 4 spell levels left.
You didn't know any spells.
Your spell library was empty.

Dungeon Overview and Level Annotations

Branches:
Dungeon (8/15)
 Temple: D:4-7         Lair: D:8-11

Altars:
Fedhas

Annotations:
D:7 Harold


Innate Abilities, Weirdness & Mutations

You cannot be hasted, slowed, berserked, paralysed or teleported.
You can dig through walls and to a lower floor.
Your four strong arms can wield two-handed weapons with a shield.
You have a pair of large antennae on your head. (SInv)


Message History

You barely miss Harold.
Harold is lightly wounded.
You block Harold's attack. Harold hits you with a +0 glaive!
You take 9 damage, and have 22/42 hp.
MASSIVE DAMAGE!!
You slash Harold!
Harold is moderately wounded.
Harold hits you with a +0 glaive!!
* * * LOW HITPOINT WARNING * * *
You take 18 damage, and have 4/42 hp.
MASSIVE DAMAGE!!
You slash Harold!
Harold is moderately wounded.
You block Harold's attack.
Unknown command.
It was a potion of resistance.
You feel protected.
You barely miss Harold.
Harold is moderately wounded.
Harold hits you with a +0 glaive!!
Ouch! That really hurt!
You die...

# .###.# #.
..#..#
##.......## #.
#....#
#..(......#
.......
+.........+ .#...
#.........# ...
#.......# #.#
#.....# #># #.@.#
#.# #@### #.#
#...# #.#######
#.#.#
#.......#####.#.#
#######.##....#..
#.##.#######
#.##....#
#.......#
#######.#


You could see Harold.

Vanquished Creatures
  A hound (D:8)
  A jelly (D:5)
  A howler monkey zombie (D:5)
  3 adders
  A shadow imp (D:7)
  2 oozes
  2 worms (D:2)
  2 dart slugs (D:1)
  4 leopard geckos
  An orc (D:5)
  5 bats
  3 giant cockroaches
  7 goblins
  4 hobgoblins
  3 jackals (D:2)
  8 kobolds
  A ball python (D:1)
  4 frilled lizards
  6 rats
59 creatures vanquished.

Notes
Turn   | Place    | Note
-------+----------+-------------------------------------------
     0 | D:1      | Redear the Formicid Fighter began the quest for the Orb.
     0 | D:1      | Reached XP level 1. HP: 18/18 MP: 1/1
   148 | D:1      | Reached XP level 2. HP: 22/24 MP: 2/2
   266 | D:1      | Reached XP level 3. HP: 23/29 MP: 3/3
   360 | D:1      | Reached skill level 4 in Shields
   759 | D:2      | Reached skill level 1 in Dodging
   865 | D:2      | Reached XP level 4. HP: 13/37 MP: 4/4
  1177 | D:2      | Found a blossoming altar of Fedhas.
  1677 | D:3      | You fall through a shaft for 2 floors!
  1677 | D:5      | Entered Level 5 of the Dungeon
  1869 | D:5      | Reached XP level 5. HP: 34/42 MP: 5/5
  1937 | D:5      | Reached skill level 4 in Armour
  2044 | D:5      | Reached skill level 4 in Fighting
  2044 | D:5      | Reached skill level 3 in Axes
  2079 | D:5      | Noticed an ogre
  2082 | D:5      | You fall through a shaft for 3 floors!
  2123 | D:8      | Noticed a two-headed ogre
  2318 | D:7      | Noticed Harold
  2329 | D:7      | HP: 4/42 [Harold/+0 glaive (18)]
  2332 | D:7      | Demolished by Harold

Levels and vault maps discovered:
D:1:      lemuel_arrival_room, layout_basic, grunt_decor_fettered
D:2:      layout_loops_ring, nicolae_overflow_hidden_temple
D:3:      layout_loops_corners, nemelex_xobeh_ov_fountains_minmay, first_ration
D:4:      layout_loops_ring, vehumet_altar_wand_db,
          nicolae_tso_besieged_by_evil, bloody_makhleb,
          minmay_a_box_with_orc_wizards_in_it, uniq_duvessa
D:5:      layout_loops_cross, kennysheep_mini_moat, okawaru_gym_becter,
          lemuel_temple_firewalk_a, chequers_ossuary_entry_cave
D:7:      layout_loops_corners, old_standard_altar, st_stairs_9, uniq_harold
D:8:      layout_loops_ring, lemuel_crystal_altar

Skill      XL: |  1  2  3  4  5 |
---------------+----------------+-----
Shields        | 4 |  4.6
Dodging        | 1 |  1.8
Armour         | 4 |  4.1
Fighting       | 4 |  4.2
Axes           | 3 |  3.1

Action                   |  1- 3 |  4- 6 || total
-------------------------+-------+-------++-------
Melee: War axe           |   122 |   109 ||   231
 Abil: Dig               |       |     2 ||     2
       Shaft Self        |       |     1 ||     1
  Use: Potion            |       |     3 ||     3
  Eat: Chunk             |       |     2 ||     2
       Ration            |       |     1 ||     1
Armor: Scale mail        |    53 |    38 ||    91
Dodge: Dodged            |    54 |    40 ||    94
Block: Shield            |    70 |    68 ||   138

Table legend:
 A = Non-vault XP
 B = Vault XP
 C = Vault XP percentage of total XP
 D = Non-vault monster count
 E = Vault monster count
 F = Vault count percentage of total count
                 A         B        C        D         E       F
            +---------+---------+-------+---------+---------+-------
      Total |     263 |       0 |   0.0 |      59 |       0 |   0.0
            +---------+---------+-------+---------+---------+-------
        D:1 |      49 |       0 |   0.0 |      24 |       0 |   0.0
        D:2 |      76 |       0 |   0.0 |      27 |       0 |   0.0
        D:3 |       1 |       0 |   0.0 |       1 |       0 |   0.0
        D:5 |      83 |       0 |   0.0 |       5 |       0 |   0.0
        D:7 |      11 |       0 |   0.0 |       1 |       0 |   0.0
        D:8 |      43 |       0 |   0.0 |       1 |       0 |   0.0
            +---------+---------+-------+---------+---------+-------
